 Dungeon Crawl Stone Soup version 0.31-a0-702-gf82c85558f (webtiles) character file.

Game seed: 14907962896428782997

46 qw the Shooter (level 3, -2/22 HPs)
             Began as a Gargoyle Hunter on Sept 7, 2023.
             Slain by a hobgoblin (5 damage)
             ... led by Robin
             ... on level 2 of the Dungeon.
             The game lasted 00:00:24 (1080 turns).

qw the Shooter (Gargoyle Hunter)                    Turns: 1080, Time: 00:00:24

Health: -2/22      AC:  6    Str: 14    XL:     3   Next: 68%
Magic:  3/3        EV: 11    Int:  9    God:
Gold:   48         SH:  0    Dex: 15    Spells: 2/2 levels left

rFire   . . .        Y - +0 shortbow
rCold   . . .        (shield currently unavailable)
rNeg    + . .        c - +0 leather armour
rPois   inf          (no helmet)
rElec   +            (no cloak)
rCorr   .            (no gloves)
SInv    .            (no boots)
Will    .....        (no amulet)
Stlth   ++           (no ring)
HPRegen 0.23/turn    (no ring)
MPRegen 0.08/turn

%: no passive effects
@: no status effects
A: sickness immunity, AC +3, negative energy resistance 1, electricity
resistance, torment resistance 1, petrification resistance
a: no special abilities


You were on level 2 of the Dungeon.
You visited 1 branch of the dungeon, and saw 2 of its levels.

You collected 48 gold pieces.


Innate Abilities, Weirdness & Mutations

You are immune to sickness and miasma.
Your stone body is resilient. (AC +3)
You are immune to poison.
You resist negative energy. (rN+)
You are resistant to electric shocks. (rElec)
You are resistant to unholy torment.
You are immune to petrification.


   Skills:
 + Level 2.6 Fighting
 - Level 5.1 Ranged Weapons
 - Level 1.5 Dodging
 - Level 1.1 Stealth


You had 2 spell levels left.
You didn't know any spells.
Your spell library was empty.

Inventory:

Hand Weapons
 Y - a +0 shortbow (weapon)
Armour
 c - a +0 leather armour (worn)
Scrolls
 a - a scroll of vulnerability {unknown}
Potions
 b - a potion of magic {unknown}

Dungeon Overview and Level Annotations

Branches:
Dungeon (2/15)

Altars:
Vehumet

Annotations:
D:2 Robin


Message History

You kill the goblin!
The goblin hits you with a +0 dagger. The goblin hits you but does no damage.
A worm comes into view.
The frilled lizard closely misses you. The goblin hits you but does no damage.
The goblin misses you.
You shoot an arrow. The arrow hits the goblin!
You kill the goblin!
The frilled lizard barely misses you. The goblin hits you with a +0 club.
You shoot an arrow. The arrow barely misses the hobgoblin.
The goblin hits you but does no damage. The frilled lizard barely misses you.
The hobgoblin hits you.
You shoot an arrow. The arrow hits the hobgoblin.
You kill the hobgoblin!
The frilled lizard closely misses you. The goblin barely misses you.
You shoot an arrow. The arrow hits the hobgoblin.
The hobgoblin is almost dead.
The frilled lizard barely misses you. The goblin misses you.
The hobgoblin barely misses you.
You shoot an arrow. The arrow barely misses the hobgoblin.
Robin throws the goblin at you! The goblin closely misses you.
The frilled lizard barely misses you. The goblin closely misses you.
The hobgoblin closely misses you. The hobgoblin hits you.
The goblin hits you but does no damage. The goblin barely misses you.
You shoot an arrow. The arrow hits the hobgoblin.
You kill the hobgoblin!
The goblin barely misses you. x2
The hobgoblin hits you but does no damage.
The frilled lizard misses you. The goblin barely misses you. x2
The frilled lizard misses you. The goblin barely misses you.
The hobgoblin hits you. The goblin misses you.
You shoot an arrow. The arrow closely misses the goblin.
The goblin closely misses you. The goblin barely misses you. x2
The frilled lizard closely misses you. The goblin hits you but does no damage.
The hobgoblin hits you.
The goblin hits you with a +1 dagger of speed.
You shoot an arrow. The arrow barely misses the goblin.
The goblin hits you but does no damage. The goblin hits you with a +0 dagger.
The goblin hits you but does no damage. The frilled lizard barely misses you.
The goblin hits you but does no damage. The hobgoblin hits you.
You die...

,,*,,,* *,,,,,,,*** ***,,,,,,,
,,***,** #...***,,.#****,,,,**,,,
,,,,,,,**#)).#####.**,,,,,,**,,,,
*****,,,,........#.,,,,,,,**,,,,,
**,,,>........,,,,,**,**,,,,,
****.........**,,,,,,,,,,,,, *
*.....)wg#*******,**,,,,, ***
*..%...lg# *,**,,,,, ,,***
*.....gg@#### *,***,,,, ,,,,**
*......ggg..####*,**,,,,,
,**,,****........##....##.#*,,,,,
,***,,,,,..#########......##,,,,,
,* *,,,,,#** #..........,,,,, ,*
*,,,,.,* ##.#.._.....,,,,, ,*
*****..#** ###........#..,,,,, ,*
*....###...#......#*#*,,,,
,*******........########## ***,,


You could see a worm, Robin, a hobgoblin (strong), 5 goblins and a frilled
lizard.

Vanquished Creatures
  An adder (D:2)
  3 ball pythons
  A giant cockroach (D:1)
  5 goblins (D:2)
  5 hobgoblins
  6 kobolds (D:1)
  4 quokkas
  3 bats (D:1)
  4 frilled lizards
  3 rats (D:1)
35 creatures vanquished.

Notes
Turn   | Place    | Note
-------+----------+-------------------------------------------
     0 | D:1      | qw the Gargoyle Hunter began the quest for the Orb.
     0 | D:1      | Reached XP level 1. HP: 12/12 MP: 1/1
     0 | D:1      | 0 ||| qw: Version: 0.3-a-76-g4403597
     0 | D:1      | 0 ||| qw: Game counter: 890
     0 | D:1      | 0 ||| qw: Melee chars always use a shield: true
     0 | D:1      | 0 ||| qw: God list: Okawaru
     0 | D:1      | 0 ||| qw: Allow faded altars: false
     0 | D:1      | 0 ||| qw: Do Orc after clearing Dungeon:15 true
     0 | D:1      | 0 ||| qw: Do second Lair branch before Depths: true
     0 | D:1      | 0 ||| qw: Lair rune preference: random
     0 | D:1      | 0 ||| qw: Goals: Normal
     0 | D:1      | 0 ||| PLANNING D:1-11
   222 | D:1      | Reached XP level 2. HP: 17/17 MP: 2/2
   351 | D:1      | You fall into a shaft and drop 1 floor!
   368 | D:2      | 368 ||| READING scroll labelled SATOTA PEOME.
   369 | D:2      | 369 ||| READING scroll labelled DISCHI RYBOIDGH.
   370 | D:2      | 370 ||| READING scroll labelled SOCLIU KOLLODA.
   371 | D:2      | 371 ||| DROPPING scroll of butterflies.
   377 | D:2      | 377 ||| STAIRDANCE
   736 | D:1      | Reached XP level 3. HP: 21/21 MP: 3/3
   853 | D:1      | 853 ||| READING scroll labelled CAICOTI CIRYA.
  1002 | D:2      | Reached skill level 5 in Ranged Weapons
  1026 | D:2      | Found a radiant altar of Vehumet.
  1070 | D:2      | Noticed Robin
  1079 | D:2      | HP: 5/22 [goblin/+1 dagger of speed[Robin] (3)]
  1080 | D:2      | Slain by a hobgoblin

Levels and vault maps discovered:
D:1:      amcnicky_arrival_single_pillar, layout_basic
D:2:      layout_rooms, basic_altar, uniq_robin

Skill      XL: |  1  2  3 |
---------------+----------+-----
Ranged Weapons | 5 |  5.1
Fighting       | |  2.6
Dodging        | |  1.5
Stealth        | |  1.1

Action                     || total
---------------------------++-------
   Fire: Shortbow          ||   105
    Use: Scroll            ||     4
 Armour: Leather armour    ||    50
  Dodge: Dodged            ||    48

Table legend:
 A = Non-vault XP
 B = Vault XP
 C = Vault XP percentage of total XP
 D = Non-vault monster count
 E = Vault monster count
 F = Vault count percentage of total count
                 A         B        C        D         E       F
            +---------+---------+-------+---------+---------+-------
      Total |      55 |      12 |  17.9 |      29 |       6 |  17.1
            +---------+---------+-------+---------+---------+-------
        D:1 |      32 |       0 |   0.0 |      22 |       0 |   0.0
        D:2 |      23 |      12 |  34.3 |       7 |       6 |  46.2
            +---------+---------+-------+---------+---------+-------
